CLL
LODI CRUSHERS @ VISALIA METS
05/27/1982
 
TOP OF THE 1ST
Lodi Crushers batting - Pitching for Visalia Mets : RHP Ricky Valentin
Pitching: RHP Ricky Valentin
Batting: LHB Adrian Zepeda 0-0: Ball
1-0: Swinging Strike
1-1: Called Strike
1-2: Fly out, F5 (Line Drive, 5, EV 62.5 MPH)
Batting: LHB Francisco Jabalera 0-0: Called Strike
0-1: Ball
1-1: Ball
2-1: Foul Ball, location: 2F
2-2: Ball
3-2: Base on Balls
Batting: RHB Carmelo Martinez 0-0: Ball
1-0: DOUBLE (Flyball, 8RXD, EV 100.0 MPH)
Francisco Jabalera to third
Runner from 3rd tries for Home, SAFE, throw by CF to home
Batting: RHB Ron Karkovice 0-0: Ball
1-0: SINGLE (Groundball, 34S, EV 82.5 MPH) (infield hit)
Carmelo Martinez to third
Batting: LHB Jeff Reed 0-0: Ball
1-0: Ball
2-0: Ground out 3-1 (Groundball, 34S, EV 84.4 MPH)
Carmelo Martinez scores
Ron Karkovice to second
Batting: RHB Chris Baker 0-0: Foul Ball, location: 2F
0-1: Called Strike
0-2: Foul Ball, location: 2F
0-2: Ball
1-2: Foul Ball, location: 2F
1-2: Ball
2-2: Ball
3-2: Strikes out swinging
Top of the 1st over - 2 runs, 2 hits, 0 errors, 1 left on base; Lodi 2 - Visalia 0
BOTTOM OF THE 1ST
Visalia Mets batting - Pitching for Lodi Crushers : RHP Dale Brown
Pitching: RHP Dale Brown
Batting: RHB Danny Ainge 0-0: Ball
1-0: Swinging Strike
1-1: Ball
2-1: Called Strike
2-2: Ball
3-2: Foul Ball, location: 2F
3-2: Strikes out swinging
Batting: RHB Ed Sedar 0-0: Ball
1-0: Foul Ball, location: 2F
1-1: Foul Ball, location: 2F
1-2: Ball
2-2: Strikes out swinging
Batting: LHB Huey Gayden 0-0: Called Strike
0-1: Ball
1-1: Ball
2-1: Foul Ball, location: 2F
2-2: Ball
3-2: SINGLE (Groundball, 4MD, EV 101.3 MPH) (infield hit)
Batting: LHB Pete Dalena 0-0: Ball
1-0: Called Strike
1-1: Ball
2-1: Fly out, F9 (Flyball, 89M, EV 83.1 MPH)
Bottom of the 1st over - 0 runs, 1 hit, 0 errors, 1 left on base; Lodi 2 - Visalia 0
TOP OF THE 2ND
Lodi Crushers batting - Pitching for Visalia Mets : RHP Ricky Valentin
Batting: RHB Steve Aragon 0-0: Swinging Strike
0-1: Ball
1-1: Foul Ball, location: 2F
1-2: Ground out 6-3 (Groundball, 6, EV 87.5 MPH)
Batting: SHB Leon Baham 0-0: Foul Ball, location: 2F
0-1: Ball
1-1: Ball
2-1: Called Strike
2-2: Fly out, F8 (Flyball, 8LD, EV 90.0 MPH)
Batting: RHB Kerry Baker 0-0: Ball
1-0: Foul Ball, location: 2F
1-1: Foul Ball, location: 2F
1-2: Strikes out looking
Top of the 2nd over - 0 runs, 0 hits, 0 errors, 0 left on base; Lodi 2 - Visalia 0
BOTTOM OF THE 2ND
Visalia Mets batting - Pitching for Lodi Crushers : RHP Dale Brown
Batting: RHB Gabriel de la Sancha 0-0: Ball
1-0: Ball
2-0: Called Strike
2-1: Ground out 6-3 (Groundball, 6M, EV 108.8 MPH)
Batting: RHB Mitchell Ashmore 0-0: Fly out, F9 (Flyball, 89S, EV 93.8 MPH)
Batting: SHB Marcos Gomez 0-0: Called Strike
0-1: Swinging Strike
0-2: Strikes out swinging
Bottom of the 2nd over - 0 runs, 0 hits, 0 errors, 0 left on base; Lodi 2 - Visalia 0
TOP OF THE 3RD
Lodi Crushers batting - Pitching for Visalia Mets : RHP Ricky Valentin
Batting: LHB Adrian Zepeda 0-0: Ball
1-0: Called Strike
1-1: Called Strike
1-2: Foul Ball, location: 2F
1-2: SINGLE (Flyball, 4D, EV 83.8 MPH)
Batting: LHB Francisco Jabalera 0-0: Swinging Strike
0-1: Ball
1-1: Foul Ball, location: 2F
1-2: Grounds into double play, 4-6-3 (Groundball, 4, EV 96.9 MPH)
Batting: RHB Carmelo Martinez 0-0: Called Strike
0-1: Ball
1-1: Foul Ball, location: 2F
1-2: Strikes out looking
Top of the 3rd over - 0 runs, 1 hit, 0 errors, 0 left on base; Lodi 2 - Visalia 0
BOTTOM OF THE 3RD
Visalia Mets batting - Pitching for Lodi Crushers : RHP Dale Brown
Batting: RHB Eddie Dennis 0-0: Ball
1-0: Swinging Strike
1-1: Ball
2-1: Called Strike
2-2: Foul Ball, location: 2F
2-2: Foul Ball, location: 2F
2-2: Fly out, F8 (Line Drive, 8LD, EV 86.9 MPH)
Batting: SHB Daniel Robie 0-0: Ground out 5-3 (Groundball, 56S, EV 83.8 MPH)
Batting: RHB Danny Ainge 0-0: Ball
1-0: Ball
2-0: Ball
3-0: Called Strike
3-1: Foul Ball, location: 2F
3-2: Strikes out swinging
Bottom of the 3rd over - 0 runs, 0 hits, 0 errors, 0 left on base; Lodi 2 - Visalia 0
TOP OF THE 4TH
Lodi Crushers batting - Pitching for Visalia Mets : RHP Ricky Valentin
Batting: RHB Ron Karkovice 0-0: Foul Ball, location: 2F
0-1: Called Strike
0-2: Ground out 5-3 (Groundball, 15, EV 90.0 MPH)
Batting: LHB Jeff Reed 0-0: Foul Ball, location: 2F
0-1: Ball
1-1: Ball
2-1: Called Strike
2-2: Ball
3-2: Foul Ball, location: 2F
3-2: SINGLE (Groundball, 25, EV 71.9 MPH) (infield hit)
Batting: RHB Chris Baker 0-0: Ball
1-0: Ball
2-0: Ball
3-0: Called Strike
3-1: Grounds into double play, 5-4-3 (Groundball, 5, EV 78.8 MPH)
Top of the 4th over - 0 runs, 1 hit, 0 errors, 0 left on base; Lodi 2 - Visalia 0
BOTTOM OF THE 4TH
Visalia Mets batting - Pitching for Lodi Crushers : RHP Dale Brown
Batting: RHB Ed Sedar 0-0: Ball
1-0: Ball
2-0: Called Strike
2-1: Foul Ball, location: 2F
2-2: Ground out 5-3 (Groundball, 56S, EV 83.1 MPH)
Batting: LHB Huey Gayden 0-0: Foul Ball, location: 2F
0-1: Ground out U3 (Groundball, 34, EV 105.6 MPH)
Batting: LHB Pete Dalena 0-0: Ball
1-0: Fly out, F3 (Line Drive, 3, EV 69.4 MPH)
Bottom of the 4th over - 0 runs, 0 hits, 0 errors, 0 left on base; Lodi 2 - Visalia 0
TOP OF THE 5TH
Lodi Crushers batting - Pitching for Visalia Mets : RHP Ricky Valentin
Batting: RHB Steve Aragon 0-0: Swinging Strike
0-1: SOLO HOME RUN (Flyball, 7LD, EV 88.8 MPH), Distance : 372 ft
Batting: SHB Leon Baham 0-0: Reached on error, E4 (Groundball, 4, EV 86.3 MPH)
Batting: RHB Kerry Baker 0-0: Called Strike
0-1: Ball
1-1: Foul Ball, location: 2F
1-2: Ball
2-2: Foul Ball, location: 2F
2-2: Grounds into double play, 6-4-3 (Groundball, 6, EV 79.4 MPH)
Batting: LHB Adrian Zepeda 0-0: Ball
1-0: Swinging Strike
1-1: Ground out 6-3 (Groundball, 6, EV 86.9 MPH)
Top of the 5th over - 1 run, 1 hit, 1 error, 0 left on base; Lodi 3 - Visalia 0
BOTTOM OF THE 5TH
Visalia Mets batting - Pitching for Lodi Crushers : RHP Dale Brown
Batting: RHB Gabriel de la Sancha 0-0: Foul Ball, location: 2F
0-1: Ball
1-1: Foul Ball, location: 2F
1-2: Ball
2-2: Ground out 4-3 (Groundball, 4, EV 77.5 MPH)
Batting: RHB Mitchell Ashmore 0-0: Foul Ball, location: 2F
0-1: Ball
1-1: Ball
2-1: Ground out 1-3 (Groundball, 13S, EV 65.0 MPH)
Batting: SHB Marcos Gomez 0-0: Swinging Strike
0-1: Foul Ball, location: 2F
0-2: Ball
1-2: Strikes out swinging
Bottom of the 5th over - 0 runs, 0 hits, 0 errors, 0 left on base; Lodi 3 - Visalia 0
TOP OF THE 6TH
Lodi Crushers batting - Pitching for Visalia Mets : RHP Ricky Valentin
Batting: LHB Francisco Jabalera 0-0: Ball
1-0: Called Strike
1-1: DOUBLE (Line Drive, 9LS, EV 108.1 MPH)
Batting: RHB Carmelo Martinez 0-0: Intentional Walk
Batting: RHB Ron Karkovice 0-0: Ball
1-0: Swinging Strike
1-1: Grounds into double play, 3-6-1 (Groundball, 3S, EV 80.0 MPH)
Francisco Jabalera to third
Batting: LHB Jeff Reed 0-0: Ball
1-0: Called Strike
1-1: Fly out, F7 (Flyball, 7, EV 76.9 MPH)
Top of the 6th over - 0 runs, 1 hit, 0 errors, 1 left on base; Lodi 3 - Visalia 0
BOTTOM OF THE 6TH
Visalia Mets batting - Pitching for Lodi Crushers : RHP Dale Brown
Batting: RHB Eddie Dennis 0-0: Ball
1-0: Called Strike
1-1: Swinging Strike
1-2: Fly out, F7 (Flyball, 7, EV 87.5 MPH)
Batting: SHB Daniel Robie 0-0: Called Strike
0-1: Ball
1-1: Ball
2-1: SINGLE (Groundball, 34D, EV 96.3 MPH)
Batting: RHB Danny Ainge 0-0: Ball
1-0: Fly out, F7 (Flyball, 78D, EV 102.5 MPH)
Batting: RHB Ed Sedar 0-0: Ball
1-0: Foul Ball, location: 2F
1-1: Ball
2-1: Ball
3-1: Ground out 1-3 (Groundball, 23, EV 65.0 MPH)
Bottom of the 6th over - 0 runs, 1 hit, 0 errors, 1 left on base; Lodi 3 - Visalia 0
TOP OF THE 7TH
Lodi Crushers batting - Pitching for Visalia Mets : RHP Ricky Valentin
Batting: RHB Chris Baker 0-0: Ball
1-0: Ball
2-0: Called Strike
2-1: Ground out 4-3 (Groundball, 4, EV 107.5 MPH)
Batting: RHB Steve Aragon 0-0: Called Strike
0-1: Called Strike
0-2: Strikes out swinging
Batting: SHB Leon Baham 0-0: Foul Ball, location: 2F
0-1: Ball
1-1: Foul Ball, location: 2F
1-2: Fly out, F7 (Line Drive, 7, EV 90.0 MPH)
Top of the 7th over - 0 runs, 0 hits, 0 errors, 0 left on base; Lodi 3 - Visalia 0
BOTTOM OF THE 7TH
Visalia Mets batting - Pitching for Lodi Crushers : RHP Dale Brown
Batting: LHB Huey Gayden 0-0: Swinging Strike
0-1: Ball
1-1: Foul Ball, location: 2F
1-2: Foul Ball, location: 2F
1-2: Ground out U3 (Groundball, 3, EV 92.5 MPH)
Batting: LHB Pete Dalena 0-0: Ball
1-0: Foul Ball, location: 2F
1-1: Ball
2-1: Ground out 6-3 (Groundball, 6D, EV 104.4 MPH)
Batting: RHB Gabriel de la Sancha 0-0: Called Strike
0-1: Foul Ball, location: 2F
0-2: Ball
1-2: Foul Ball, location: 2F
1-2: Ball
2-2: Foul Ball, location: 2F
2-2: Strikes out looking
Bottom of the 7th over - 0 runs, 0 hits, 0 errors, 0 left on base; Lodi 3 - Visalia 0
TOP OF THE 8TH
Lodi Crushers batting - Pitching for Visalia Mets : RHP Ricky Valentin
Batting: RHB Kerry Baker 0-0: Called Strike
0-1: Foul Ball, location: 2F
0-2: Ball
1-2: Strikes out swinging
Batting: LHB Adrian Zepeda 0-0: Fly out, F7 (Flyball, 78M, EV 85.0 MPH)
Batting: LHB Francisco Jabalera 0-0: Called Strike
0-1: Foul Ball, location: 2F
0-2: Ground out 4-3 (Groundball, 4, EV 94.4 MPH)
Top of the 8th over - 0 runs, 0 hits, 0 errors, 0 left on base; Lodi 3 - Visalia 0
BOTTOM OF THE 8TH
Visalia Mets batting - Pitching for Lodi Crushers : RHP Dale Brown
Batting: RHB Mitchell Ashmore 0-0: Called Strike
0-1: Ball
1-1: Ground out 4-3 (Groundball, 4S, EV 83.8 MPH)
Batting: SHB Marcos Gomez 0-0: TRIPLE (Line Drive, 89XD, EV 108.1 MPH)
Batting: RHB Eddie Dennis 0-0: Fly out, F8 (Flyball, 89XD, EV 104.4 MPH)
Runner from 3rd tags up, SCORES, no throw by CF
Batting: SHB Daniel Robie 0-0: Ball
1-0: Foul Ball, location: 2F
1-1: Ball
2-1: SINGLE (Groundball, 5S, EV 62.5 MPH) (infield hit)
Batting: RHB Danny Ainge 0-0: DOUBLE (Line Drive, 78D, EV 105.0 MPH)
Daniel Robie to third
Runner from 3rd tries for Home, SAFE, no throw by LF
Batting: RHB Ed Sedar 0-0: Called Strike
0-1: Ball
1-1: Foul Ball, location: 2F
1-2: Strikes out swinging
Bottom of the 8th over - 2 runs, 3 hits, 0 errors, 1 left on base; Lodi 3 - Visalia 2
TOP OF THE 9TH
Lodi Crushers batting - Pitching for Visalia Mets : RHP Ricky Valentin
Batting: RHB Carmelo Martinez 0-0: Ball
1-0: Ball
2-0: Ball
3-0: Base on Balls
Batting: RHB Ron Karkovice 0-0: Foul Ball, location: 2F
0-1: Ball
1-1: Called Strike
Carmelo Martinez is caught stealing 2nd base 2-4
1-2: Ball
2-2: Ball
3-2: Foul Ball, location: 2F
3-2: Base on Balls
Batting: LHB Jeff Reed 0-0: Ball
1-0: Ball
2-0: Called Strike
2-1: SINGLE (Groundball, 34D, EV 105.0 MPH)
Ron Karkovice to second
Runner from 2nd tries for 3rd, SAFE, throw by RF made to third
Batting: RHB Chris Baker 0-0: Swinging Strike
0-1: Called Strike
Jeff Reed is caught stealing 2nd base 2-4
0-2: Foul Ball, location: 2F
0-2: Ball
1-2: Ball
2-2: Strikes out swinging
Top of the 9th over - 0 runs, 1 hit, 0 errors, 1 left on base; Lodi 3 - Visalia 2
BOTTOM OF THE 9TH
Visalia Mets batting - Pitching for Lodi Crushers : RHP Dale Brown
Batting: LHB Huey Gayden 0-0: Ball
1-0: Fly out, F9 (Flyball, 9LS, EV 88.1 MPH)
Batting: LHB Pete Dalena 0-0: Foul Ball, location: 2F
0-1: Foul Ball, location: 2F
0-2: Ball
1-2: SINGLE (Popup, 4MD, EV 56.3 MPH)
Batting: RHB Gabriel de la Sancha 0-0: Ball
1-0: Called Strike
1-1: Foul Ball, location: 2F
1-2: Strikes out swinging
Batting: RHB Mitchell Ashmore 0-0: Called Strike
0-1: Ball
1-1: Called Strike
1-2: Strikes out swinging
Bottom of the 9th over - 0 runs, 1 hit, 0 errors, 1 left on base; Lodi 3 - Visalia 2
Monday, August 3rd, 2020 - OOTP Baseball 21.5 Build 76